 Dungeon Crawl Stone Soup version 0.31.0-32-g396128a36d (webtiles) character file.

Game seed: 14343840891371787652

877 monsoonserge the Conjurer (level 7, -7/51 HPs)
             Began as a Purple Draconian Conjurer on Apr 10, 2024.
             Mangled by Duvessa
             ... wielding a +0 short sword
              (13 damage)
             ... on level 5 of the Dungeon.
             The game lasted 00:19:36 (5416 turns).

monsoonserge the Conjurer (DrCj)                    Turns: 5416, Time: 00:19:37

Health: -7/51      AC:  7    Str: 10    XL:     7   Next: 75%
Magic:  4/13       EV: 17    Int: 26    God:
Gold:   242        SH:  0    Dex:  9    Spells: 3/14 levels left

rFire   . . .        e - +5 dagger (venom)
rCold   . . .        (no shield)
rNeg    . . .        (body armour unavailable)
rPois   .            (helmet restricted)
rElec   .            (no cloak)
rCorr   .            (no gloves)
SInv    .            t - +0 pair of boots
Will    +....        (no amulet)
Stlth   ++           m - +6 ring of intelligence
HPRegen 0.28/turn    y - +5 ring of evasion
MPRegen 0.13/turn

%: no passive effects
@: no status effects
A: breathe power, AC +6, unfitting armour, cold-blooded
a: Breathe Dispelling Energy


You were on level 5 of the Dungeon.
You visited 1 branch of the dungeon, and saw 5 of its levels.

You collected 264 gold pieces.
You spent 22 gold pieces at shops.

Inventory:

Hand Weapons
 e - a +5 dagger of venom (weapon)
 i - a +1 dagger of electrocution
 j - a +2 dagger of draining
Missiles
 g - 2 boomerangs
 n - 3 poisoned darts (quivered)
Armour
 t - a +0 pair of boots (worn)
Jewellery
 m - a +6 ring of intelligence (left hand)
 y - a +5 ring of evasion (right hand)
Talismans
 u - a maw talisman
Wands
 r - a wand of roots (10)
 s - a wand of light (8)
Scrolls
 d - a scroll of fog
 h - a scroll of noise {unknown}
 l - 2 scrolls of vulnerability
 o - 2 scrolls of teleportation {unknown}
 q - a scroll of blinking {unknown}
 v - a scroll of enchant weapon {unknown}
Potions
 a - a potion of magic
 b - a potion of resistance {unknown}
 c - a potion of brilliance {unknown}
 f - 2 potions of haste {unknown}
 k - a potion of cancellation {unknown}
 p - 2 potions of attraction
 w - a potion of ambrosia {unknown}
 x - a potion of curing {unknown}


   Skills:
 + Level 0.8 Fighting
 + Level 1.4 Short Blades
 + Level 0.6 Throwing
 + Level 3.9 Dodging
 - Level 2.0 Stealth
 - Level 4.0 Spellcasting
 + Level 6.5 Conjurations
 * Level 3.1 Alchemy
 - Level 3.0 Evocations


You had 3 spell levels left.
You knew the following spells:

 Your Spells              Type           Power      Damage    Failure   Level
a - Magic Dart            Conj           100%       1d8       1%          1
b - Searing Ray           Conj           78%        2d7       1%          2
c - Fulminant Prism       Conj/Alch      15%        3d10      12%         4
d - Olgreb's Toxic Radia  Alch           21%        N/A       24%         4

Your spell library contained the following spells:

 Spells                   Type           Power      Damage    Failure   Level
 Sting                    Conj/Alch      100%       1d9       1%          1
 Mercury Vapours          Alch/Air       26%        N/A       7%          2
 Stone Arrow              Conj/Erth      44%        3d9       7%          3
 Inner Flame              Hex/Fire       5%         N/A       26%         3
 Iskenderun's Mystic Bla  Conj/Tloc      22%        2d6       22%         4
 Irradiate                Conj/Alch      15%        3d16      32%         5
 Ignition                 Fire           2%         3d3       100%        8
 Lehudib's Crystal Spear  Conj/Erth      11%        10d4      100%        8
 Animate Armour           Summ/Erth      Unusable   N/A       N/A         4

Dungeon Overview and Level Annotations

Branches:
Dungeon (5/15)
 Temple: D:4-7

Altars:
Elyvilon
Nemelex Xobeh

Shops:
D:4 *

Annotations:
D:5 Duvessa


Innate Abilities, Weirdness & Mutations

You can breathe bolts of dispelling energy.
Your rich purple scales are hard. (AC +6)
You cannot fit into any form of body armour.
You are cold-blooded and may be slowed by cold attacks.


Message History

Duvessa goes berserk!
Casting: Searing Ray (safe; 1% risk of failure)
Confirm with . or Enter, or press ? or * to list all spells.
Aiming: Searing Ray (safe; 1% risk of failure)
Press: ? - help, Shift-Dir - straight line, f - Duvessa
Aim: Duvessa, wielding a +0 short sword and wearing a +3 chain mail of willpower (berserk, 88% to hit)
The searing ray hits Duvessa!
Duvessa is lightly wounded. (Press . to maintain the ray.) Duvessa rages.
Duvessa hits you with a +0 short sword!
The searing ray hits Duvessa but does no damage.
Duvessa is lightly wounded.
Duvessa misses you.
The searing ray hits Duvessa but does no damage.
Duvessa is lightly wounded.
Duvessa hits you with a +0 short sword. Duvessa hits you with a +0 short sword!
The searing ray hits Duvessa but does no damage.
Duvessa is lightly wounded.
You finish channelling your searing ray.
Duvessa closely misses you.
Casting: Searing Ray (safe; 1% risk of failure)
Confirm with . or Enter, or press ? or * to list all spells.
Aiming: Searing Ray (safe; 1% risk of failure)
Press: ? - help, Shift-Dir - straight line, f/p - Duvessa
Aim: Duvessa, wielding a +0 short sword and wearing a +3 chain mail of willpower (lightly wounded, berserk, 88% to hit)
The searing ray hits Duvessa but does no damage.
Duvessa is lightly wounded. (Press . to maintain the ray.) Duvessa hits you with a +0 short sword!
* * * LOW HITPOINT WARNING * * *
Duvessa completely misses you.
The searing ray misses Duvessa.
Duvessa hits you with a +0 short sword.
* * * LOW HITPOINT WARNING * * *
The searing ray hits Duvessa but does no damage.
Duvessa is lightly wounded.
Duvessa hits you with a +0 short sword.
* * * LOW HITPOINT WARNING * * *
Duvessa hits you with a +0 short sword!
You die...

#.#<.# #.# #.####.# #.##.#
#.# #.# #.# #....# #.# #.#
#.### ######## #.###
#.####...##
.......####...###.........#
#####.......#.##...#####..#
..###..####.#.##.............
..#.....#
#.#.......########.#
..#.###.# #.#..#@....... #
..#.# #.# #.#...#e......
....# #.# #.....#..##...
..### #.#######.#..# ###
..#####.##......#..#
##...##.##.###..#..####
##.#.##.##.#.#..#.....
.....##.##...#..#...#
.....##.####.#......####


You could see Duvessa (berserk).

Vanquished Creatures
  3 ogres (D:4)
  A centaur (D:5)
  A phantom (D:4)
  Dowan (D:5)
  A bombardier beetle (D:4)
  2 orc priests (D:5)
  A hound (D:5)
  2 iguanas
  Natasha (thrice) (D:2)
  Robin (D:2)
  8 adders
  A white imp (D:5)
  3 dart slugs
  3 orcs (D:4)
  9 bats
  7 endoplasms
  4 giant cockroaches (D:2)
  11 goblins
  6 hobgoblins
  2 quokkas
  5 ball pythons
  7 frilled lizards (D:1)
  8 kobolds
  6 rats
96 creatures vanquished.

Notes
Turn   | Place    | Note
-------+----------+-------------------------------------------
     0 | D:1      | monsoonserge the Draconian Conjurer began the quest for the
                  | Orb.
     0 | D:1      | Reached XP level 1. HP: 14/14 MP: 3/3
   207 | D:1      | Reached XP level 2. HP: 20/20 MP: 0/5
   210 | D:1      | Learned a level 2 spell: Searing Ray
  1128 | D:2      | Reached XP level 3. HP: 26/26 MP: 2/6
  1259 | D:2      | Noticed Natasha
  1263 | D:2      | Killed Natasha
  1349 | D:2      | Noticed Natasha
  1354 | D:2      | Killed Natasha
  1355 | D:2      | Reached skill level 5 in Conjurations
  1355 | D:2      | Reached XP level 4. HP: 29/33 MP: 2/7
  1425 | D:2      | Noticed Natasha
  1428 | D:2      | Killed Natasha
  1555 | D:2      | Noticed Robin
  1592 | D:2      | Killed Robin
  2127 | D:2      | Reached XP level 5. HP: 38/38 MP: 5/9
  2260 | D:2      | Learned a level 4 spell: Fulminant Prism
  2837 | D:3      | Reached skill level 1 in Alchemy
  3360 | D:4      | Noticed an ogre
  3364 | D:4      | Killed an ogre
  3365 | D:4      | Reached XP level 6. HP: 25/45 MP: 4/10
  3477 | D:4      | Reached skill level 1 in Evocations
  3485 | D:4      | Reached skill level 1 in Short Blades
  3563 | D:4      | Reached skill level 6 in Conjurations
  3964 | D:4      | Found Mebin's General Store.
  3965 | D:4      | Found a sparkling altar of Nemelex Xobeh.
  4393 | D:4      | Your scales start taking on a rich purple colour.
  4393 | D:4      | Reached XP level 7. HP: 46/51 MP: 7/12
  4486 | D:4      | Found a white marble altar of Elyvilon.
  4592 | D:4      | Bought a scroll of identify for 22 gold pieces
  4623 | D:5      | Entered Level 5 of the Dungeon
  4865 | D:5      | Learned a level 4 spell: Olgreb's Toxic Radiance
  5136 | D:5      | Noticed Dowan
  5223 | D:5      | Killed Dowan
  5409 | D:5      | Noticed Duvessa
  5416 | D:5      | Mangled by Duvessa

Illustrated notes

Levels and vault maps discovered:
D:1:      spicycebolla_green_bress_n_ham, layout_loops_ring,
          serial_bayou_crossing
D:2:      layout_loops_ring, corexii_hall_statues_i, uniq_natasha, uniq_robin
D:3:      layout_loops_ring, chequers_serial_rivers_large_a, minmay_door_square
D:4:      layout_basic, old_standard_altar, nicolae_elyvilon_temple_path,
          serial_curves, eino_curves_01, eino_curves_02, eino_curves_04,
          eino_curves_04, serial_shops, nicolae_diamond_shop, interstate_on_off,
          lightli_corner_chamber
D:5:      layout_basic, kennysheep_generic_room_15, uniq_duvessa

Skill      XL: |  1  2  3  4  5  6  7 |
---------------+----------------------+-----
Dodging        | 2 3 |  3.9
Stealth        | 2 |  2.0
Conjurations   | 5 6 |  6.5
Alchemy        | 1 2 3 |  3.1
Spellcasting   | 3 4 |  4.0
Evocations     | 2 3 |  3.0
Short Blades   | 1 |  1.4
Fighting       | |  0.8
Throwing       | |  0.6

Action                     |  1- 3 |  4- 6 |  7- 9 || total
---------------------------+-------+-------+-------++-------
  Melee: Dagger            |    24 |    34 |     1 ||    59
         Tailslap          |     2 |     1 |       ||     3
         Unarmed           |     1 |       |       ||     1
  Throw: Boomerang         |     1 |     1 |       ||     2
   Cast: Magic Dart        |    19 |       |       ||    19
         Searing Ray       |    18 |    37 |    17 ||    72
    Use: Scroll            |       |       |     3 ||     3
   Stab: Sleeping          |     1 |     2 |       ||     3
 Armour: Skin              |    18 |    45 |    21 ||    84
  Dodge: Dodged            |    22 |    39 |    22 ||    83
